 Dungeon Crawl Stone Soup version 0.22-b1-26-g9dbaab1 (webtiles) character file.

38429 lorenzova the Eclecticist (level 13, -10/63 HPs)
             Began as a Deep Elf Conjurer on Aug 7, 2018.
             Was an Elder of Vehumet.
             Killed from afar by a lindwurm (27 damage)
             ... with a blast of flame
             ... on level 6 of the Lair of Beasts.
             The game lasted 01:05:55 (22755 turns).

lorenzova the Eclecticist (Deep Elf Conjurer)      Turns: 22755, Time: 01:05:56

Health: -10/63     AC:  9    Str:  5    XL:     13   Next: 63%
Magic:  35/44      EV:  9    Int: 31    God:    Vehumet [****..]
Gold:   939        SH:  4    Dex: 15    Spells: 18/45 levels left

rFire    . . .     SeeInvis .   w - staff of wizardry
rCold    . . .     Gourm    .   (no shield)
rNeg     . . .     Faith    .   o - +0 ring mail
rPois    .         Spirit   .   O - +2 helmet "Uphabbal" {MR++}
rElec    .         Reflect  +   L - scarf {cloud immunity}
rCorr    .         Harm     .   (no gloves)
MR       +++..                  g - +0 pair of boots
Stlth    +.........             A - +4 amulet of reflection
HPRegen  0.20/turn              H - ring of magical power
MPRegen  0.29/turn              S - +5 ring of intelligence

@: slowed, very slow
A: no striking features
a: Renounce Religion


You were on level 6 of the Lair of Beasts.
You worshipped Vehumet.
Vehumet was greatly pleased with you.
You were not hungry.

You visited 3 branches of the dungeon, and saw 17 of its levels.
You also visited: Sewer.

You collected 1150 gold pieces.
You spent 211 gold pieces at shops.

Inventory:

Hand Weapons
 m - a +1 whip of freezing
 x - the +4 morningstar of Bread {flame, *Drain rF+ Int+6}
   (You found it on level 4 of the Lair of Beasts)

   It has been specially enchanted to burn those struck by it, causing extra
   injury to most foes and up to half again as much damage against particularly
   susceptible opponents.
   It affects your intelligence (+6).
   It protects you from fire.
   It causes draining when unequipped.
Armour
 g - a +0 pair of boots (worn)
 o - a +0 ring mail (worn)
 L - a scarf of cloud immunity (worn)
 O - the +2 helmet "Uphabbal" (worn) {MR++}
   (You found it on level 9 of the Dungeon)

   It affects your resistance to hostile enchantments.
 Q - a +2 robe of magic resistance
Magical Staves
 w - an uncursed staff of wizardry (weapon)
 z - an uncursed staff of summoning
Jewellery
 a - an uncursed ring of ice
 b - an uncursed ring of protection from cold
 e - an uncursed amulet of faith {unknown}
 h - an uncursed ring of see invisible
 A - a +4 amulet of reflection (around neck)
 D - a +4 ring of dexterity
 H - a ring of magical power (left hand)
 S - a +5 ring of intelligence (right hand)
Wands
 d - a wand of flame (65)
 u - a wand of digging (19)
 C - a wand of acid (7)
Scrolls
 f - 4 scrolls of amnesia
 j - 6 scrolls of magic mapping
 k - 2 scrolls of fog
 l - a scroll of fear
 r - 6 scrolls of identify
 y - 8 scrolls of teleportation
 E - a scroll of vulnerability {unknown}
 J - 5 scrolls of remove curse
 M - a scroll of acquirement
 N - 2 scrolls of enchant weapon
 R - 4 scrolls of blinking
 V - 4 scrolls of enchant armour
Potions
 i - 2 potions of might
 n - a potion of cancellation {unknown}
 p - 2 potions of lignification
 q - 2 potions of berserk rage {unknown}
 s - a potion of curing
 t - a potion of haste {unknown}
 v - a potion of brilliance {unknown}
 B - 4 potions of agility
 F - a potion of resistance
 G - 2 potions of invisibility
 I - 2 potions of flight
 P - 2 potions of magic
 W - a potion of ambrosia
Comestibles
 c - 32 rations
 K - 3 chunks of flesh


   Skills:
 - Level 2.4 Dodging
 - Level 2.4 Stealth
 * Level 16.8 Spellcasting
 * Level 14.8 Conjurations
 - Level 10.1 Hexes
 - Level 6.0 Summonings
 * Level 8.6 Fire Magic
 * Level 7.0 Air Magic


You had 18 spell levels left.
You knew the following spells:

 Your Spells              Type           Power        Failure   Level  Hunger
a - Magic Dart            Conj           ####         0%          1    None
b - Searing Ray           Conj           ######       1%          2    None
c - Iskenderun's Mystic   Conj           #######.     1%          4    None
d - Fulminant Prism       Conj/Hex       #######...   1%          4    None
e - Lightning Bolt        Conj/Air       #######...   1%          5    None
s - Sticky Flame          Conj/Fire      #######.     1%          4    None
t - Summon Lightning Spi  Summ/Air       ######..     2%          4    None
x - Conjure Flame         Conj/Fire      #######.     1%          3    None

Your spell library contained the following spells:

 Spells                   Type           Power        Failure   Level  Hunger
 Invisibility             Hex            ######..     8%          6    ##.....
 Freezing Cloud           Conj/Ice/Air   ######....   7%          6    ##.....
 Mephitic Cloud           Conj/Pois/Air  ######..     1%          3    None
 Ring of Flames           Chrm/Fire      ######....   98%         7    ####...
 Summon Small Mammal      Summ           ####         1%          1    None
 Summon Ice Beast         Ice/Summ       #####...     9%          4    None
 Call Imp                 Summ           ######..     1%          2    None
 Swiftness                Chrm/Air       #####...     1%          2    None
 Passwall                 Tmut/Erth      ####....     4%          2    None
 Call Canine Familiar     Summ           ######..     1%          3    None
 Lee's Rapid Deconstruct  Erth           ####......   22%         5    None
 Passage of Golubria      Tloc           N/A          30%         4    None
 Darkness                 Hex            ######....   8%          6    ##.....
 Dazzling Spray           Conj/Hex       ######       1%          3    None
 Force Lance              Conj/Tloc      ######..     1%          4    None
 Summon Guardian Golem    Hex/Summ       ######..     1%          3    None
 Poisonous Vapours        Pois/Air       #####.       1%          2    None


Dungeon Overview and Level Annotations

Branches:
Dungeon (10/15)            Temple (1/1) D:4            Lair (6/6) D:8
 Shoals (0/4) Lair:2        Snake (0/4) Lair:3        Slime (0/5) Lair:5
    Orc: D:9-12

Altars:
Ashenzari
Cheibriados
Dithmenos
Elyvilon
Fedhas
Gozag
Hepliaklqana
Kikubaaqudgha
Makhleb
Nemelex Xobeh
Okawaru
Qazlal
Ru
Sif Muna
Trog
Uskayaw
Vehumet
Wu Jian
Xom
Yredelemnul
Zin
The Shining One

Shops:
D:4 ?   D:6 [   D:8 (   D:9 ?   D:10 *

Annotations:
Lair:6 1 runed door


Message History

The sticky flame hits the lindwurm.
The lindwurm is moderately wounded.
The lindwurm is covered in liquid flames!
The lindwurm burns!
The lindwurm bites you! The lindwurm claws you. x2
The lindwurm burns!
Being near the torpor snail leaves you feeling lethargic.
Casting: Sticky Flame (safe; 1% risk of failure)
Confirm with . or Enter, or press ? or * to list all spells.
Aiming: Summon Lightning Spire (safe; 2% risk of failure)
Press: ? - help, Dir - move target cursor, p - lindwurm An electric hum fills the air.
The lindwurm burns! x2; The lindwurm bites you!
The lindwurm claws you! The lindwurm claws you.
* * * LOW HITPOINT WARNING * * *
The lindwurm closely misses you.
The lindwurm claws you but does no damage.
The lindwurm barely misses you.
The lindwurm burns!
The lindwurm breathes flames at you. The blast of flame hits you!
You die...

####.... ##..#####
##.#..8# #....#
#.#...# ###..##
...#...w## ##..#
#.......#### #...###
###......#.##
###...#+ ####....#.#
##.⌠.## ##..w..###
###...#
#..#k.@..#####....##
.....##8....#.#....##
.....#####........###
..#### #.##.P.### #
########


You could see a tyrant leech, a torpor snail, a lindwurm (burning) and a
friendly lightning spire.

Vanquished Creatures
  Gastronok (Lair:2)
  4 hydras
  Sonja (Lair:3)
  An unseen horror (D:10)
  Pikel (D:4)
  5 oklob plants (Lair:5)
  9 black mambas
  7 spiny frogs
  2 torpor snails (Lair:6)
  2 rime drakes
  9 komodo dragons
  2 trolls (D:10)
  2 tyrant leeches (Lair:6)
  A polar bear (Lair:3)
  Prince Ribbit (Lair:1)
  7 hornets
  10 blink frogs
  9 hippogriffs
  Sigmund (D:4)
  A snapping turtle (Lair:2)
  A wyvern (D:9)
  28 yaks
  2 nagas (Lair:3)
  Duvessa (D:4)
  12 water moccasins
  A slave (D:4)
  6 porcupines
  2 orc warriors (D:6)
  6 sky beasts
  A phantom (D:8)
  3 ice beasts (D:5)
  A black bear (D:7)
  3 centaurs
  2 necrophages
  12 wolves
  11 ogres
  6 crocodiles
  2 big kobolds
  A wyvern zombie (D:6)
  15 bullfrogs
  A scorpion (D:5)
  A water moccasin skeleton (D:5)
  3 killer bees (D:8)
  9 wights
  An electric eel (Lair:2)
  A howler monkey (D:8)
  A crimson imp (D:5)
  5 bullfrog zombies
  3 orc priests
  A bullfrog skeleton (D:5)
  4 hounds
  A jelly (D:8)
  3 centaur skeletons
  3 iguanas
  14 orc wizards
  5 worker ants
  A hound zombie (D:6)
  A hound skeleton (D:6)
  A howler monkey zombie (D:5)
  8 gnolls
  10 adders
  2 shadow imps
  An ooze (D:6)
  5 worms
  An adder skeleton (D:5)
  2 dart slugs (D:1)
  5 leopard geckos
  36 orcs
  11 bats
  2 giant cockroaches
  6 goblins
  9 hobgoblins
  8 jackals
  16 kobolds
  9 quokkas
  5 frilled lizards
  A jackal skeleton (D:5)
  A leopard gecko skeleton (D:7)
  10 rats
  A butterfly (D:4)
400 creatures vanquished.

Vanquished Creatures (collateral kills)
  A hydra (Lair:4)
  A black mamba (Lair:6)
  3 spiny frogs (Lair:6)
  A torpor snail (Lair:6)
  A hornet (Lair:6)
  A tyrant leech (Lair:6)
  5 yaks
  A porcupine (Lair:4)
  A crocodile (Lair:6)
  4 wolves
  A bullfrog (Lair:4)
20 creatures vanquished.

Vanquished Creatures (others)
  2 slaves (D:4)
  A phantom (D:4)
  Dowan (D:4)
  A centaur skeleton (D:4)
  A quokka (D:3)
  92 fulminant prisms
  18 fungi
  23 plants
139 creatures vanquished.

Grand Total: 559 creatures vanquished

Notes
Turn   | Place    | Note
-------+----------+-------------------------------------------
     0 | D:1      | lorenzova the Deep Elf Conjurer began the quest for the Orb.
     0 | D:1      | Reached XP level 1. HP: 10/10 MP: 6/6
   206 | D:1      | Reached XP level 2. HP: 15/15 MP: 5/8
   210 | D:1      | Learned a level 2 spell: Searing Ray
   971 | D:1      | Reached skill level 4 in Spellcasting
  1182 | D:2      | Reached skill level 5 in Conjurations
  1182 | D:2      | Reached XP level 3. HP: 19/19 MP: 5/10
  1533 | D:2      | Reached XP level 4. HP: 24/24 MP: 7/12
  1539 | D:2      | Learned a level 4 spell: Iskenderun's Mystic Blast
  1545 | D:2      | Found a faded altar of an unknown god.
  1746 | D:2      | Reached skill level 5 in Spellcasting
  2445 | D:3      | Noticed a sky beast
  2452 | D:3      | Killed a sky beast
  2452 | D:3      | Reached skill level 6 in Spellcasting
  2452 | D:3      | Reached XP level 5. HP: 28/28 MP: 3/15
  2814 | D:3      | Reached XP level 6. HP: 32/32 MP: 5/17
  2944 | D:3      | Learned a level 4 spell: Fulminant Prism
  2981 | D:3      | Found a white marble altar of Elyvilon.
  3140 | D:3      | Found a hazy altar of Hepliaklqana.
  3528 | D:4      | Noticed Sigmund
  3560 | D:4      | Reached skill level 1 in Hexes
  3571 | D:4      | Noticed Duvessa
  3643 | D:4      | Noticed a slave
  3643 | D:4      | Noticed a slave
  3666 | D:4      | Killed a slave
  3900 | D:4      | Noticed Pikel
  3905 | D:4      | Noticed a slave
  3906 | D:4      | Killed Pikel
  3906 | D:4      | Reached skill level 8 in Spellcasting
  3906 | D:4      | Reached XP level 7. HP: 36/36 MP: 5/20
  4084 | D:4      | Killed Sigmund
  4084 | D:4      | Reached XP level 8. HP: 40/41 MP: 13/22
  4102 | D:4      | Killed Dowan
  4373 | D:4      | Found Isigokol's Magic Scroll Shop.
  4381 | D:4      | Bought a scroll of magic mapping for 49 gold pieces
  4467 | D:4      | Found a blossoming altar of Fedhas.
  4556 | D:4      | Killed Duvessa
  4646 | D:4      | Found a shadowy altar of Dithmenos.
  4675 | D:4      | Found a staircase to the Ecumenical Temple.
  4692 | Temple   | Entered the Ecumenical Temple
  5064 | D:5      | Entered Level 5 of the Dungeon
  5078 | D:5      | Reached skill level 9 in Spellcasting
  5255 | D:5      | Found a transporter.
  5513 | D:5      | Found a transporter.
  5613 | D:5      | Reached skill level 10 in Spellcasting
  5613 | D:5      | Reached skill level 5 in Hexes
  5777 | D:5      | Found an ornate altar of the Wu Jian Council.
  5777 | D:5      | Found a glowing golden altar of the Shining One.
  5977 | D:5      | Found a radiant altar of Vehumet.
  5999 | D:5      | Became a worshipper of Vehumet
  6077 | D:5      | Found a burning altar of Makhleb.
  6259 | D:6      | Found a glowing drain.
  6292 | Sewer    | Entered a sewer
  6425 | Sewer    | Reached XP level 9. HP: 45/45 MP: 12/25
  6806 | D:6      | Reached * piety under Vehumet
  6806 | D:6      | Offered knowledge of Freeze by Vehumet.
  6894 | D:6      | Found Vojych's Armour Boutique.
  6898 | D:6      | Reached skill level 10 in Conjurations
  6948 | D:6      | Reached skill level 11 in Spellcasting
  7212 | D:6      | Found a white marble altar of Elyvilon.
  7582 | D:6      | Found a sparkling altar of Nemelex Xobeh.
  8368 | D:7      | Offered knowledge of Throw Frost by Vehumet.
  8570 | D:7      | Reached ** piety under Vehumet
  8570 | D:7      | Reached skill level 12 in Spellcasting
  8926 | D:7      | Found a shattered altar of Ashenzari.
  9205 | D:7      | Reached XP level 10. HP: 50/50 MP: 17/28
  9630 | D:8      | Found Qeduom's Weapon Shop.
  9777 | D:8      | Found a staircase to the Lair.
  9867 | D:8      | Found a stormy altar of Qazlal.
 10625 | D:9      | Offered knowledge of Ignite Poison by Vehumet.
 10931 | D:9      | Reached skill level 13 in Spellcasting
 11073 | D:9      | Reached *** piety under Vehumet
 11402 | D:9      | Got a scorched helmet
 11413 | D:9      | Identified the +2 helmet "Uphabbal" {MR++} (You found it on level 9 of the Dungeon)
 11491 | D:9      | Found Daashrem's Magic Scroll Emporium.
 11838 | D:10     | Entered Level 10 of the Dungeon
 12042 | D:10     | Noticed an unseen horror
 12046 | D:10     | Killed an unseen horror
 12264 | D:10     | Reached XP level 11. HP: 54/54 MP: 22/30
 12489 | D:10     | Reached skill level 14 in Spellcasting
 12613 | D:10     | Found Qoycs's Elemental Accessories.
 12837 | Lair:1   | Entered Level 1 of the Lair of Beasts
 12954 | Lair:1   | Offered knowledge of Sticky Flame by Vehumet.
 12965 | Lair:1   | Learned a level 4 spell: Sticky Flame
 13184 | Lair:1   | Noticed Prince Ribbit
 13195 | Lair:1   | Reached skill level 1 in Fire Magic
 13198 | Lair:1   | Killed Prince Ribbit
 14091 | Lair:2   | Noticed a six-headed hydra
 14097 | Lair:2   | Killed a six-headed hydra
 14202 | Lair:2   | Reached **** piety under Vehumet
 14240 | Lair:2   | Learned a level 3 spell: Conjure Flame
 14245 | Lair:2   | Learned a level 4 spell: Summon Lightning Spire
 14449 | Lair:2   | Reached skill level 1 in Summonings
 14553 | Lair:2   | Reached skill level 1 in Air Magic
 14584 | Lair:2   | Noticed Gastronok
 14601 | Lair:2   | Killed Gastronok
 14601 | Lair:2   | Reached skill level 15 in Spellcasting
 14601 | Lair:2   | Reached skill level 10 in Hexes
 14902 | Lair:2   | Found a staircase to the Shoals.
 15396 | D:9      | Bought a scroll of identify for 26 gold pieces
 15396 | D:9      | Bought a scroll of identify for 26 gold pieces
 15396 | D:9      | Bought a scroll of identify for 26 gold pieces
 15399 | D:9      | Identified a scroll of acquirement
 15526 | D:4      | Bought a scroll of identify for 28 gold pieces
 15526 | D:4      | Bought a scroll of identify for 28 gold pieces
 15526 | D:4      | Bought a scroll of identify for 28 gold pieces
 15753 | Lair:3   | Found a staircase to the Snake Pit.
 15798 | Lair:3   | Reached XP level 12. HP: 59/59 MP: 12/33
 15983 | Lair:3   | Noticed a seven-headed hydra
 15987 | Lair:3   | Killed a seven-headed hydra
 16414 | Lair:3   | Reached skill level 5 in Fire Magic
 16438 | Lair:3   | Noticed Sonja
 16442 | Lair:3   | Killed Sonja
 16792 | Lair:4   | Noticed a seven-headed hydra
 16836 | Lair:4   | Offered knowledge of Lightning Bolt by Vehumet.
 16846 | Lair:4   | Learned a level 5 spell: Lightning Bolt
 17518 | Lair:4   | Got a twisted morningstar
 17519 | Lair:4   | Identified the +4 morningstar of Bread {flame, *Drain rF+ Int+6} (You found it on level 4 of the Lair of Beasts)
 17677 | Lair:4   | Reached skill level 5 in Summonings
 17690 | Lair:4   | Killed a seven-headed hydra
 17988 | Lair:4   | Reached skill level 5 in Air Magic
 18429 | Lair:5   | Reached skill level 16 in Spellcasting
 19547 | Lair:5   | Reached XP level 13. HP: 63/63 MP: 35/35
 20382 | Lair:5   | Found a staircase to the Slime Pits.
 20710 | Lair:6   | Entered Level 6 of the Lair of Beasts
 20768 | Lair:6   | Found an ornate altar of the Wu Jian Council.
 21300 | Lair:6   | Found a runed door.
 22755 | Lair:6   | Killed from afar by a lindwurm

Skill      XL: |  1  2  3  4  5  6  7  8  9 10 11 12 13 |
---------------+----------------------------------------+-----
Spellcasting   | 4 6 8 10 12 13 15 16 | 16.8
Conjurations   | 5 6 7 8 9 11 12 13 14 | 14.8
Hexes          | 3 5 7 9 10 | 10.1
Fire Magic     | 4 6 8 |  8.6
Summonings     | 2 5 6 |  6.0
Air Magic      | 2 5 7 |  7.0
Dodging        | |  2.4
Stealth        | |  2.4

Action                   |  1- 3 |  4- 6 |  7- 9 | 10-12 | 13-15 || total
-------------------------+-------+-------+-------+-------+-------++-------
Melee: Whip              |       |       |    36 |     1 |    13 ||    50
       Staff             |       |       |       |     1 |    47 ||    48
 Cast: Magic Dart        |    69 |   103 |   163 |   192 |    27 ||   554
       Searing Ray       |     2 |     8 |     7 |     2 |       ||    19
       Iskenderun's Myst |       |     4 |    53 |   164 |    64 ||   285
       Fulminant Prism   |       |     2 |    24 |    49 |    17 ||    92
       Sticky Flame      |       |       |       |     9 |    18 ||    27
       Summon Lightning  |       |       |       |     8 |     9 ||    17
       Lightning Bolt    |       |       |       |     1 |       ||     1
       Conjure Flame     |       |       |       |       |     1 ||     1
  Use: Scroll            |     1 |     2 |    10 |    12 |     2 ||    27
       Potion            |       |       |     2 |     1 |     3 ||     6
  Eat: Chunk             |     6 |    12 |    11 |    15 |     9 ||    53
       Ration            |       |       |       |     5 |       ||     5
Armor: Robe              |       |     1 |    19 |    11 |       ||    31
       Ring mail         |       |       |       |    18 |     9 ||    27
Dodge: Dodged            |     8 |    11 |    42 |    54 |    20 ||   135
Block: Other             |       |       |    15 |    15 |     7 ||    37
       Reflection        |       |       |     4 |     2 |       ||     6
